 Dungeon Crawl Stone Soup version 0.21-a0-405-gf2af9a1 (webtiles) character file.

58 Lucama221 the Skirmisher (level 3, 0/33 HPs)
             Began as a Minotaur Fighter on Nov 2, 2017.
             Slain by an adder (3 damage)
             ... on level 2 of the Dungeon.
             The game lasted 00:12:03 (872 turns).

Lucama221 the Skirmisher (Minotaur Fighter)          Turns: 872, Time: 00:12:03

Health: 0/33       AC: 11    Str: 21    XL:     3   Next: 75%
Magic:  2/2        EV:  4    Int:  5    God:
Gold:   35         SH:  9    Dex:  9    Spells: 2/2 levels left

rFire    . . .     SeeInvis .   a - +0 war axe
rCold    . . .     Gourm    .   c - +0 shield
rNeg     . . .     Faith    .   n - +0 plate armour
rPois    .         Spirit   .   (helmet restricted)
rElec    .         Reflect  .   (no cloak)
rCorr    .         Harm     .   (no gloves)
MR       .....                  (no boots)
Stlth    ..........             (no amulet)
HPRegen  0.11/turn              (no ring)
MPRegen  0.08/turn              (no ring)

@: lethally poisoned (0 -> -3)
A: retaliatory headbutt, horns 2
a: no special abilities


You were on level 2 of the Dungeon.
You were not hungry.

You visited 1 branch of the dungeon, and saw 2 of its levels.

You collected 35 gold pieces.

Inventory:

Hand Weapons
 a - a +0 war axe (weapon)
Armour
 c - a +0 shield (worn)
 n - a +0 plate armour (worn)
Jewellery
 h - an uncursed ring of ice {unknown}
 l - an uncursed amulet of the gourmand {unknown}
Scrolls
 e - a scroll of blinking {unknown}
 i - 4 scrolls of teleportation {unknown}
 j - a scroll of remove curse {unknown}
 k - a scroll of enchant armour {unknown}
 o - 3 scrolls of identify {unknown}
 p - a scroll of magic mapping {unknown}
 r - a scroll of recharging {unknown}
 t - a scroll of enchant weapon {unknown}
Potions
 b - 2 potions of magic {unknown}
 d - 2 potions of might
 g - a potion of agility {unknown}
 m - a potion of curing {unknown}
 q - a potion of flight {unknown}
Comestibles
 f - a bread ration
 s - 5 chunks of flesh


   Skills:
 + Level 4.2 Fighting
 + Level 3.4 Axes
 + Level 4.1 Armour
 + Level 4.1 Shields


You had 2 spell levels left.
You didn't know any spells.

Dungeon Overview and Level Annotations

Branches:
Dungeon (2/15)

Altars:


Innate Abilities, Weirdness & Mutations

You reflexively headbutt those who attack you in melee.
You have a pair of horns on your head.


Message History

The adder bites you. The adder bites you but does no damage.
The hobgoblin hits you but does no damage.
The adder bites you but does no damage. You block the adder's attack.
You closely miss the adder.
Your shield and plate armour prevent you from hitting the adder.
You slash the hobgoblin!
You kill the hobgoblin!
The adder bites you but does no damage. The adder barely misses you.
The adder bites you but does no damage. The adder bites you.
* * * LOW HITPOINT WARNING * * *
You miss the adder. Your headbutt misses the adder. You closely miss the adder.
The adder bites you but does no damage. The adder bites you.
* * * LOW HITPOINT WARNING * * *
You are poisoned.
The adder poisons you! You block the adder's attack.
You closely miss the adder. You miss the adder.
You feel sick. You block the adder's attack. The adder bites you.
* * * LOW HITPOINT WARNING * * *
The adder bites you.
You die...

................
................
##.........#(###.#
...........$.. .. .# ##
#..........#.# # ... #.
#..... .#.. #. ####..#
....##.##..)SS#.##
##....#.....#@)...#
#...#...?............
.###...#...............#
.......................#
.............[.......$.#
#...................#
#.......)............
#................../.
#..)..............


You could see 2 adders.

Vanquished Creatures
  2 adders (D:2)
  A dart slug (D:2)
  2 ball pythons
  5 bats
  2 giant cockroaches (D:1)
  8 goblins
  4 hobgoblins
  A quokka (D:2)
  3 frilled lizards
  3 kobolds (D:1)
  5 rats
36 creatures vanquished.

Notes
Turn   | Place    | Note
-------+----------+-------------------------------------------
     0 | D:1      | Lucama221 the Minotaur Fighter began the quest for the Orb.
     0 | D:1      | Reached XP level 1. HP: 19/19 MP: 0/0
    99 | D:1      | Reached XP level 2. HP: 26/27 MP: 1/1
   810 | D:2      | Reached XP level 3. HP: 24/33 MP: 2/2
   872 | D:2      | Slain by an adder

Vault maps used:
D:1:      ncdulo_lavacross
D:2:      minmay_surrounded

Skill      XL: |  1  2 |
---------------+-------+-----
Fighting       | 4 |  4.2
Armour         | 4 |  4.1
Shields        | 4 |  4.1
Axes           | 3 |  3.4

Action                   || total
-------------------------++-------
Melee: War axe           ||    78
       Headbutt          ||     9
Armor: Scale mail        ||     7
       Plate armour      ||    33
Dodge: Dodged            ||    19
Block: Shield            ||    47

Table legend:
 A = Spawn XP
 B = Non-spawn XP
 C = Spawn XP percentage of total XP
 D = Spawn monster count
 E = Non-spawn monster count
 F = Spawn count percentage of total count
 G = Total turns spent on level
                    A         B        C        D         E        F      G
               +---------+---------+-------+---------+---------+-------+---------
         Total |       0 |      83 |   0.0 |       0 |      36 |   0.0 |   872
               +---------+---------+-------+---------+---------+-------+---------
           D:1 |       0 |      36 |   0.0 |       0 |      23 |   0.0 |   746
           D:2 |       0 |      47 |   0.0 |       0 |      13 |   0.0 |   126
               +---------+---------+-------+---------+---------+-------+---------
